 Dungeon Crawl Stone Soup version 0.22-a0-135-g6f012ad (webtiles) character file.

221 nono the Changer (level 5, -3/25 HPs)
             Began as a Vine Stalker Transmuter on Jan 31, 2018.
             Slain by a worker ant (5 damage)
             ... on level 4 of the Dungeon.
             The game lasted 00:04:55 (1688 turns).

nono the Changer (Vine Stalker Transmuter)          Turns: 1688, Time: 00:04:56

Health: -3/25      AC:  2    Str: 13    XL:     5   Next: 98%
Magic:  0/10       EV: 12    Int: 14    God:
Gold:   22         SH:  0    Dex: 14    Spells: 4/10 levels left

rFire    . . .     SeeInvis .     - Unarmed
rCold    . . .     Gourm    .   (no shield)
rNeg     . . .     Faith    .   b - +0 robe
rPois    .         Spirit   +   (no helmet)
rElec    .         Reflect  .   (no cloak)
rCorr    .         Harm     .   (no gloves)
MR       .....                  (boots currently unavailable)
Stlth    ++........             (no amulet)
HPRegen  0.48/turn              h - ring of stealth
MPRegen  0.12/turn              (no ring)

@: appendage, hasted, very quick
A: fangs 2, talons 3, regeneration 1, magic shield, antimagic bite, no potion
heal 3, rot immunity
a: End Transformation


You were on level 4 of the Dungeon.
You were not hungry.
You had grown temporary talons.
You visited 1 branch of the dungeon, and saw 4 of its levels.

You collected 22 gold pieces.

Inventory:

Missiles
 a - 10 arrows
Armour
 b - a +0 robe (worn)
 j - +0 acid dragon scales
Jewellery
 h - a ring of stealth (left hand)
Wands
 g - a wand of enslavement (11)
Scrolls
 e - 2 scrolls of identify {unknown}
 k - a scroll of amnesia {unknown}
Potions
 i - a potion of might {unknown}
Books
 c - a book of Changes

   Spells                             Type                      Level
   a - Beastly Appendage              Transmutation                1
   b - Sticks to Snakes               Transmutation                2
   c - Spider Form                    Transmutation/Poison         3
   d - Ice Form                       Ice/Transmutation            4
   e - Blade Hands                    Transmutation                5
Comestibles
 d - 2 rations
 l - 4 chunks of flesh


   Skills:
 - Level 0.8 Fighting
 - Level 1.5 Dodging
 - Level 3.0 Unarmed Combat
 - Level 3.1 Spellcasting
 + Level 5.5 Transmutations


You had 4 spell levels left.
You knew the following spells:

 Your Spells              Type           Power        Failure   Level  Hunger
a - Beastly Appendage     Tmut           ###...       2%          1    #......
b - Sticks to Snakes      Tmut           ###.....     3%          2    ##.....
c - Spider Form           Tmut/Pois      #.........   21%         3    ###....


Dungeon Overview and Level Annotations

Branches:
Dungeon (4/15)
 Temple: D:4-7

Altars:


Innate Abilities, Weirdness & Mutations

You have extremely sharp teeth.
Your natural rate of healing is unusually fast.
When hurt, damage is shared between your health and your magic reserves.
Your bite disrupts and absorbs the magic of your enemies.
Potions cannot restore your health.
You are immune to rotting.
You have claws for feet.


Message History

You kill the orc!
Your transformation has ended.
Your +0 robe unmelds from your body.
You hit the orc wizard. Your bite misses the orc wizard.
The orc wizard is lightly wounded.
The orc wizard casts a spell.
The orc wizard blinks!
Casting: Spider Form (safe; 21% risk of failure)
Confirm with . or Enter, or press ? or * to list all spells.
You don't have enough magic to cast that spell.
Casting: Spider Form (safe; 21% risk of failure)
Confirm with . or Enter, or press ? or * to list all spells.
Your feet morph into talons.
The orc wizard gestures wildly while chanting.
The orc wizard seems to speed up.
The orc wizard casts a spell at you. The magic dart hits you!
* * * LOW HITPOINT WARNING * * *
It was a potion of haste.
You feel yourself speed up. The worker ant bites you.
You die...

# ####)######## #.
#............
####.###............
.......#............
......#....).......
.....#............
.####.o#............
..........##########
........a@#
....[..)..#
.........[#
......)[..#
..........#
..........#
..........#
..........#
..........#


You could see a worker ant and an orc wizard.

Vanquished Creatures
  An ogre (D:4)
  A centaur skeleton (D:4)
  An orc priest (D:4)
  A worker ant (D:4)
  An adder (D:2)
  An ooze (D:3)
  A worm (D:3)
  A dart slug (D:1)
  2 leopard geckos (D:2)
  3 orcs
  A giant cockroach (D:1)
  A goblin (D:1)
  2 hobgoblins (D:2)
  4 kobolds
  5 bats
  2 frilled lizards
  2 rats
30 creatures vanquished.

Vanquished Creatures (collateral kills)
  A giant cockroach (D:2)
  2 hobgoblins (D:2)
3 creatures vanquished.

Grand Total: 33 creatures vanquished

Notes
Turn   | Place    | Note
-------+----------+-------------------------------------------
     0 | D:1      | nono the Vine Stalker Transmuter began the quest for the Orb.
     0 | D:1      | Reached XP level 1. HP: 9/9 MP: 4/4
   420 | D:1      | Reached XP level 2. HP: 8/14 MP: 4/6
   465 | D:2      | Learned a level 2 spell: Sticks to Snakes
   959 | D:1      | Reached XP level 3. HP: 2/17 MP: 1/8
   964 | D:1      | Learned a level 3 spell: Spider Form
  1167 | D:2      | Found a faded altar of an unknown god.
  1290 | D:3      | Reached skill level 3 in Transmutations
  1620 | D:4      | Gained mutation: Your natural rate of healing is unusually fast. [Vine Stalker growth]
  1620 | D:4      | Reached XP level 4. HP: 18/21 MP: 5/9
  1634 | D:4      | Reached skill level 4 in Transmutations
  1638 | D:4      | Noticed an ogre
  1654 | D:4      | Killed an ogre
  1654 | D:4      | Reached skill level 5 in Transmutations
  1654 | D:4      | Reached XP level 5. HP: 25/25 MP: 1/10
  1687 | D:4      | HP: 1/25 [orc wizard/magic dart (8)]
  1688 | D:4      | Slain by a worker ant

Vault maps used:
D:1:      dpeg_arrival_chase
D:2:      chequers_ecumenical_altar_island
D:4:      minmay_liquid_box

Skill      XL: |  1  2  3  4 |
---------------+-------------+-----
Spellcasting   | 3 |  3.1
Transmutations | 3 5 |  5.5
Fighting       | |  0.8
Dodging        | |  1.5
Unarmed Combat | |  3.0

Action                   |  1- 3 |  4- 6 || total
-------------------------+-------+-------++-------
Melee: Unarmed           |    77 |    20 ||    97
       Bite              |    18 |       ||    18
       Kick              |     8 |       ||     8
       Punch             |     3 |       ||     3
       Headbutt          |     3 |       ||     3
 Cast: Beastly Appendage |    15 |     1 ||    16
       Sticks to Snakes  |     2 |       ||     2
       Spider Form       |     1 |     3 ||     4
  Use: Potion            |       |     1 ||     1
 Stab: Sleeping          |     2 |       ||     2
  Eat: Chunk             |     2 |     1 ||     3
Armor: Robe              |    14 |       ||    14
       Skin              |     1 |       ||     1
Dodge: Dodged            |    58 |    16 ||    74

Table legend:
 A = Spawn XP
 B = Non-spawn XP
 C = Spawn XP percentage of total XP
 D = Spawn monster count
 E = Non-spawn monster count
 F = Spawn count percentage of total count
 G = Total turns spent on level
                    A         B        C        D         E        F      G
               +---------+---------+-------+---------+---------+-------+---------
         Total |       0 |     317 |   0.0 |       0 |      33 |   0.0 |  1688
               +---------+---------+-------+---------+---------+-------+---------
           D:1 |       0 |      14 |   0.0 |       0 |       8 |   0.0 |   191
           D:2 |       0 |      36 |   0.0 |       0 |      13 |   0.0 |  1086
           D:3 |       0 |      19 |   0.0 |       0 |       6 |   0.0 |   336
           D:4 |       0 |     248 |   0.0 |       0 |       6 |   0.0 |    75
               +---------+---------+-------+---------+---------+-------+---------
